SNL (28 & UNDER)
WEST PALM REDS @ MEMPHIS BLUES
07/16/2023
 
TOP OF THE 1ST
West Palm Reds batting - Pitching for Memphis Blues : RHP Kunihiko Daikawa
Pitching: RHP Kunihiko Daikawa
Batting: SHB Francis Shaffer 0-0: Ball
1-0: Foul Ball, location: 2F
1-1: Fly out, F9 (Flyball, 9M)
Batting: LHB Jeff Doss 0-0: Foul Ball, location: 2F
0-1: Ground out 3-1 (Groundball, 34)
Batting: LHB Enrique Cortéz 0-0: Ground out 5-3 (Groundball, 56)
Top of the 1st over - 0 run(s), 0 hit(s), 0 error(s), 0 left on base; West Palm 0 - Memphis 0
BOTTOM OF THE 1ST
Memphis Blues batting - Pitching for West Palm Reds : LHP Pat Candelária
Pitching: LHP Pat Candelária
Batting: LHB Félix García 0-0: Ball
1-0: Called Strike
1-1: Called Strike
1-2: Ball
2-2: Ball
3-2: Strikes out swinging
Batting: RHB Sadao Kato 0-0: Foul Ball, location: 2F
0-1: Called Strike
0-2: Strikes out swinging, 2-3 out at first.
Batting: RHB Peyton Pennington 0-0: Ball
1-0: Foul Ball, location: 2F
1-1: Called Strike
1-2: Ball
2-2: Ball
3-2: Base on Balls
Batting: RHB Dave O'Neill 0-0: Ball
1-0: Called Strike
Peyton Pennington steals 2nd base
1-1: Ground out 1-3 (Groundball, 13)
Bottom of the 1st over - 0 run(s), 0 hit(s), 0 error(s), 1 left on base; West Palm 0 - Memphis 0
TOP OF THE 2ND
West Palm Reds batting - Pitching for Memphis Blues : RHP Kunihiko Daikawa
Batting: LHB Jeff McKinney 0-0: SINGLE (Groundball, 6M)
Batting: SHB Todd Smith 0-0: Ball
1-0: Fielders Choice at 2nd, 1-6 (Groundball, 13)
Batting: RHB Jack Ray 0-0: Called Strike
0-1: Ground out 1-3 (Groundball, 34S)
Todd Smith to second
Batting: LHB Millard Dye 0-0: Swinging Strike
0-1: Ball
1-1: Ball
2-1: Called Strike
2-2: Ball
3-2: Fly out, F7 (Line Drive, 78D)
Top of the 2nd over - 0 run(s), 1 hit(s), 0 error(s), 1 left on base; West Palm 0 - Memphis 0
BOTTOM OF THE 2ND
Memphis Blues batting - Pitching for West Palm Reds : LHP Pat Candelária
Batting: RHB John Phillips 0-0: Fly out, F9 (Line Drive, 9M)
Batting: RHB Glenn Johnson 0-0: Ground out 5-3 (Groundball, 5)
Batting: RHB Raúl Perales 0-0: Fly out, F9 (Flyball, 9M)
Bottom of the 2nd over - 0 run(s), 0 hit(s), 0 error(s), 0 left on base; West Palm 0 - Memphis 0
TOP OF THE 3RD
West Palm Reds batting - Pitching for Memphis Blues : RHP Kunihiko Daikawa
Batting: LHB Bill Smith 0-0: Foul Ball, location: 2F
0-1: Ground out 4-3 (Groundball, 4)
Batting: SHB Alex Hayes 0-0: Foul Ball, location: 2F
0-1: Ball
1-1: Ball
2-1: Foul Ball, location: 2F
2-2: Ball
3-2: Base on Balls
Batting: SHB Francis Shaffer 0-0: Called Strike
0-1: Foul Ball, location: 2F
0-2: Ball
1-2: Strikes out swinging
Batting: LHB Jeff Doss 0-0: Ball
Passed Ball!
Alex Hayes to second
1-0: Called Strike
1-1: Ball
2-1: Foul Ball, location: 2F
2-2: Foul Ball, location: 2F
2-2: Strikes out looking
Top of the 3rd over - 0 run(s), 0 hit(s), 0 error(s), 1 left on base; West Palm 0 - Memphis 0
BOTTOM OF THE 3RD
Memphis Blues batting - Pitching for West Palm Reds : LHP Pat Candelária
Batting: LHB Kieran Farris 0-0: DOUBLE (Line Drive, 9LS)
Batting: RHB Dale O'Feennaghty 0-0: Ball
1-0: SINGLE (Groundball, 56D)
Kieran Farris to third
Batting: LHB Félix García 0-0: Ball
1-0: Grounds into double play, 4-6-3 (Groundball, 4)
Kieran Farris scores
Batting: RHB Sadao Kato 0-0: Called Strike
0-1: Foul Ball, location: 2F
0-2: Ball
1-2: Ball
2-2: Strikes out swinging
Bottom of the 3rd over - 1 run(s), 2 hit(s), 0 error(s), 0 left on base; West Palm 0 - Memphis 1
TOP OF THE 4TH
West Palm Reds batting - Pitching for Memphis Blues : RHP Kunihiko Daikawa
Batting: LHB Enrique Cortéz 0-0: Called Strike
0-1: Swinging Strike
0-2: Ball
1-2: Foul Ball, location: 2F
1-2: Ball
2-2: Ball
3-2: SINGLE (Groundball, 6M)
Batting: LHB Jeff McKinney 0-0: Fly out, F9 (Flyball, 9D)
Batting: SHB Todd Smith 0-0: Ball
1-0: Foul Ball, location: 2F
1-1: Ball
2-1: Ball
3-1: Base on Balls
Enrique Cortéz to second
Batting: RHB Jack Ray 0-0: Called Strike
0-1: Foul Ball, location: 2F
0-2: Ball
1-2: Ball
2-2: Ball
3-2: DOUBLE (Line Drive, 9LS)
Enrique Cortéz scores
Todd Smith to third
Batting: LHB Millard Dye 0-0: Ball
1-0: Foul Ball, location: 2F
1-1: Foul Ball, location: 2F
1-2: Strikes out looking
Batting: LHB Bill Smith 0-0: Swinging Strike
0-1: Ball
Wild Pitch!
Todd Smith scores
Jack Ray to third
1-1: Called Strike
1-2: Ball
2-2: Ball
3-2: Foul Ball, location: 2F
3-2: SINGLE (Line Drive, 9S)
Jack Ray scores
Batting: SHB Alex Hayes 0-0: Called Strike
0-1: Ground out 5-3 (Groundball, 56S)
Top of the 4th over - 3 run(s), 3 hit(s), 0 error(s), 1 left on base; West Palm 3 - Memphis 1
BOTTOM OF THE 4TH
Memphis Blues batting - Pitching for West Palm Reds : LHP Pat Candelária
Batting: RHB Peyton Pennington 0-0: Ball
1-0: Ball
2-0: Called Strike
2-1: Swinging Strike
2-2: Ball
3-2: Strikes out swinging
Batting: RHB Dave O'Neill 0-0: Swinging Strike
0-1: Fly out, F9 (Popup, 4D)
Batting: RHB John Phillips 0-0: Ball
1-0: Foul Ball, location: 2F
1-1: Ball
2-1: Ball
3-1: Foul Ball, location: 2F
3-2: Foul Ball, location: 2F
3-2: Base on Balls
Batting: RHB Glenn Johnson Pickoff Throw to First - Error! E1
John Phillips to second
0-0: Foul Ball, location: 2F
0-1: Ball
1-1: Ball
2-1: Foul Ball, location: 2F
2-2: Foul Ball, location: 2F
2-2: SINGLE (Line Drive, 4D)
John Phillips to third
Batting: RHB Raúl Perales 0-0: Ball
Glenn Johnson steals 2nd base
1-0: SINGLE (Line Drive, 4D)
John Phillips scores
Glenn Johnson to third
Batting: LHB Kieran Farris 0-0: Foul Ball, location: 2F
0-1: Ball
1-1: Foul Ball, location: 2F
1-2: Ball
2-2: Strikes out swinging
Bottom of the 4th over - 1 run(s), 2 hit(s), 1 error(s), 2 left on base; West Palm 3 - Memphis 2
TOP OF THE 5TH
West Palm Reds batting - Pitching for Memphis Blues : RHP Kunihiko Daikawa
Batting: SHB Francis Shaffer 0-0: Foul Ball, location: 2F
0-1: Called Strike
0-2: Strikes out swinging
Batting: LHB Jeff Doss 0-0: Called Strike
0-1: Ball
1-1: Ball
2-1: Called Strike
2-2: Ground out 4-3 (Groundball, 4)
Batting: LHB Enrique Cortéz 0-0: Ball
1-0: Called Strike
1-1: Ball
2-1: Ground out 4-3 (Groundball, 34)
Top of the 5th over - 0 run(s), 0 hit(s), 0 error(s), 0 left on base; West Palm 3 - Memphis 2
BOTTOM OF THE 5TH
Memphis Blues batting - Pitching for West Palm Reds : LHP Pat Candelária
Batting: RHB Dale O'Feennaghty 0-0: Ball
1-0: Ball
2-0: SOLO HOME RUN (Flyball, 78XD), Distance : 426 ft
Batting: LHB Félix García 0-0: Called Strike
0-1: Swinging Strike
0-2: Ball
1-2: Ball
2-2: Ground out 4-3 (Groundball, 4)
Batting: RHB Sadao Kato 0-0: SINGLE (Groundball, 4D)
Batting: RHB Peyton Pennington 0-0: Called Strike
0-1: Ball
1-1: Called Strike
1-2: Ball
Wild Pitch!
Sadao Kato to second
2-2: Ball
3-2: Base on Balls
Batting: RHB Dave O'Neill 0-0: Ball
1-0: Called Strike
1-1: Called Strike
1-2: Foul Ball, location: 2F
1-2: Fly out, F4 (Popup, 4M)
Batting: RHB John Phillips 0-0: Called Strike
0-1: Fly out, F6 (Popup, 6MD)
Bottom of the 5th over - 1 run(s), 2 hit(s), 0 error(s), 2 left on base; West Palm 3 - Memphis 3
TOP OF THE 6TH
West Palm Reds batting - Pitching for Memphis Blues : RHP Kunihiko Daikawa
Batting: LHB Jeff McKinney 0-0: Called Strike
0-1: Ball
1-1: Ball
2-1: DOUBLE (Flyball, 7LD)
Pitching: RHP Jack Taylor
Batting: SHB Todd Smith 0-0: Ball
1-0: Foul Ball, location: 2F
1-1: Foul Ball, location: 2F
1-2: Ball
2-2: Ball
3-2: Foul Ball, location: 2F
3-2: Foul Ball, location: 2F
3-2: Base on Balls
Batting: RHB Jack Ray 0-0: Ball
1-0: Ball
2-0: Ball
3-0: Base on Balls
Jeff McKinney to third
Todd Smith to second
Batting: LHB Millard Dye 0-0: Ball
1-0: Ball
2-0: Grounds into double play, 6-4-3 (Groundball, 6M)
Jeff McKinney scores
Todd Smith to third
Batting: LHB Bill Smith 0-0: SINGLE (Flyball, 8RS)
Todd Smith scores
Batting: SHB Alex Hayes 0-0: Called Strike
0-1: Foul Ball, location: 2F
0-2: Ball
Bill Smith steals 2nd base
1-2: Foul Ball, location: 2F
1-2: Foul Ball, location: 2F
1-2: Strikes out swinging
Top of the 6th over - 2 run(s), 2 hit(s), 0 error(s), 1 left on base; West Palm 5 - Memphis 3
BOTTOM OF THE 6TH
Memphis Blues batting - Pitching for West Palm Reds : LHP Pat Candelária
Batting: RHB Glenn Johnson 0-0: Swinging Strike
0-1: Ball
1-1: Ball
2-1: Fly out, F4 (Popup, 8RS)
Batting: RHB Raúl Perales 0-0: Called Strike
0-1: Foul Ball, location: 2F
0-2: Foul Ball, location: 2F
0-2: Strikes out swinging
Batting: LHB Kieran Farris 0-0: Called Strike
0-1: Ball
1-1: Called Strike
1-2: Reached on error, E5 (Groundball, 5)
Batting: RHB Dale O'Feennaghty 0-0: Ball
1-0: Foul Ball, location: 2F
1-1: Ball
2-1: Fly out, F7 (Line Drive, 78M)
Bottom of the 6th over - 0 run(s), 0 hit(s), 1 error(s), 1 left on base; West Palm 5 - Memphis 3
TOP OF THE 7TH
West Palm Reds batting - Pitching for Memphis Blues : RHP Jack Taylor
Batting: SHB Francis Shaffer 0-0: Called Strike
0-1: Ground out 1-3 (Groundball, 25)
Batting: LHB Jeff Doss 0-0: Ball
1-0: Swinging Strike
1-1: Foul Ball, location: 2F
1-2: Foul Ball, location: 2F
1-2: Ball
2-2: Ball
3-2: Strikes out swinging
Batting: LHB Enrique Cortéz 0-0: Ground out 4-3 (Groundball, 4)
Top of the 7th over - 0 run(s), 0 hit(s), 0 error(s), 0 left on base; West Palm 5 - Memphis 3
BOTTOM OF THE 7TH
Memphis Blues batting - Pitching for West Palm Reds : LHP Pat Candelária
Pitching: RHP Carlos Gonzáles
Batting: LHB Félix García 0-0: Ground out 4-3 (Groundball, 4)
Batting: RHB Sadao Kato 0-0: Ball
1-0: Foul Ball, location: 2F
1-1: Ball
2-1: Swinging Strike
2-2: SINGLE (Line Drive, 56D)
Batting: RHB Peyton Pennington 0-0: Called Strike
0-1: Ball
1-1: Ball
2-1: Swinging Strike
2-2: Strikes out swinging
Batting: RHB Dave O'Neill 0-0: Ball
1-0: Called Strike
1-1: Ball
2-1: Foul Ball, location: 2F
2-2: Ground out 4-3 (Groundball, 4)
Bottom of the 7th over - 0 run(s), 1 hit(s), 0 error(s), 1 left on base; West Palm 5 - Memphis 3
TOP OF THE 8TH
West Palm Reds batting - Pitching for Memphis Blues : RHP Jack Taylor
Pitching: LHP Octávio Pérez
Batting: LHB Jeff McKinney 0-0: Called Strike
0-1: Ball
1-1: Ball
2-1: Ball
3-1: Base on Balls
Batting: SHB Todd Smith 0-0: Ball
1-0: Called Strike
1-1: Fly out, F3 (Popup, 3F)
Batting: RHB Jack Ray 0-0: Ball
1-0: SINGLE (Groundball, 56)
Jeff McKinney to second
Pinch Hitting: RHB Juan López 0-0: Ball
1-0: Foul Ball, location: 2F
1-1: Ball
2-1: Ball
3-1: Called Strike
3-2: DOUBLE (Line Drive, 78D)
Jeff McKinney scores
Jack Ray to third
Batting: LHB Bill Smith 0-0: Intentional Walk
Batting: SHB Alex Hayes 0-0: Called Strike
0-1: Grounds into double play, 6-4-3 (Groundball, 6M)
Top of the 8th over - 1 run(s), 2 hit(s), 0 error(s), 2 left on base; West Palm 6 - Memphis 3
BOTTOM OF THE 8TH
Memphis Blues batting - Pitching for West Palm Reds : RHP Carlos Gonzáles
Now at 1B: Félix García
Batting: RHB John Phillips 0-0: Ball
1-0: Fly out, F4 (Popup, 34D)
Batting: RHB Glenn Johnson 0-0: Ball
1-0: Foul Ball, location: 2F
1-1: Foul Ball, location: 2F
1-2: Ball
2-2: Strikes out swinging
Batting: RHB Raúl Perales 0-0: Called Strike
0-1: Foul Ball, location: 2F
0-2: Foul Ball, location: 2F
0-2: Ball
1-2: Ball
2-2: Ball
3-2: Strikes out swinging
Bottom of the 8th over - 0 run(s), 0 hit(s), 0 error(s), 0 left on base; West Palm 6 - Memphis 3
TOP OF THE 9TH
West Palm Reds batting - Pitching for Memphis Blues : LHP Octávio Pérez
Batting: SHB Francis Shaffer 0-0: Fly out, F8 (Flyball, 8LM)
Batting: LHB Jeff Doss 0-0: Called Strike
0-1: Called Strike
0-2: Ball
1-2: Ball
2-2: Ball
3-2: Strikes out swinging
Batting: LHB Enrique Cortéz 0-0: Called Strike
0-1: Called Strike
0-2: Ball
1-2: Fly out, F8 (Flyball, 8LXD)
Top of the 9th over - 0 run(s), 0 hit(s), 0 error(s), 0 left on base; West Palm 6 - Memphis 3
BOTTOM OF THE 9TH
Memphis Blues batting - Pitching for West Palm Reds : RHP Carlos Gonzáles
Pitching: RHP Kei Hashimoto
Now in CF: Jermaine Carter
Batting: LHB Kieran Farris 0-0: Ball
1-0: Ball
2-0: Ball
3-0: Called Strike
3-1: Fly out, F7 (Flyball, 78M)
Batting: RHB Dale O'Feennaghty 0-0: Called Strike
0-1: Ball
1-1: Foul Ball, location: 2F
1-2: Strikes out swinging
Batting: LHB Félix García 0-0: Foul Ball, location: 2F
0-1: Ball
1-1: Swinging Strike
1-2: Ball
2-2: Strikes out swinging, 2-3 out at first.
Bottom of the 9th over - 0 run(s), 0 hit(s), 0 error(s), 0 left on base; West Palm 6 - Memphis 3
This league is powered by Out of the Park Baseball, the baseball management simulation game for PC, Mac and Linux
Wednesday, December 2nd, 2015 - OOTP Baseball 16.8 Build 38